 Dungeon Crawl Stone Soup version 0.19.1 (webtiles) character file.

1233 mmcf the Ducker (level 8, 0/62 HPs)
             Began as a Merfolk Transmuter on Dec 3, 2016.
             Slain by a shadow imp (4 damage)
             ... on level 5 of the Dungeon.
             The game lasted 00:15:23 (9533 turns).

mmcf the Ducker (Merfolk Transmuter)                Turns: 9533, Time: 00:15:24

Health: 0/62       AC:  2    Str: 11    XL:     8   Next: 48%
Magic:  21/21      EV: 16    Int: 14    God:
Gold:   324        SH:  0    Dex: 14    Spells: 4 memorised, 3 levels left

rFire  . . .     SeeInvis .       - Unarmed
rCold  . . .     Gourm    .     b - +0 robe
rNeg   . . .     Faith    .     (no shield)
rPois  .         Spirit   .     (no helmet)
rElec  .         Reflect  .     (no cloak)
rCorr  .         Harm     .     (no gloves)
MR     .....                    t - -1 pair of boots (curse)
Stlth  ++........               (no amulet)
                                w - ring of magical power
                                r - ring of stealth

@: no status effects
A: change form in water, swift swim, stealthy swim
a: no special abilities


You were on level 5 of the Dungeon.
You were very hungry.

You visited 1 branch of the dungeon, and saw 6 of its levels.

You collected 324 gold pieces.

Inventory:

Hand Weapons
 a - a +4 hunting sling
 v - a +0 spear
Missiles
 h - 70 arrows
 i - 182 stones (quivered)
 s - 12 sling bullets
Armour
 b - a +0 robe (worn)
 e - a +0 leather armour
 t - a cursed -1 pair of boots (worn)
Jewellery
 p - an uncursed ring of protection from fire
 r - a ring of stealth (left hand)
 w - a ring of magical power (right hand)
Wands
 k - a wand of random effects (25/48)
 y - a wand of polymorph (13/24)
Scrolls
 q - 2 scrolls of magic mapping
 x - 2 scrolls of recharging {unknown}
 C - a scroll of fear {unknown}
 D - a scroll of silence {unknown}
Potions
 f - 2 potions of brilliance
 g - a potion of cure mutation
 j - 2 potions of flight
 m - 3 potions of lignification
 n - 2 potions of heal wounds
 o - a potion of might
 u - a potion of mutation {unknown}
 z - a potion of ambrosia {unknown}
 B - a potion of curing
Books
 c - a book of Changes

   Spells                             Type                      Level
   a - Beastly Appendage              Transmutation                1
   b - Sticks to Snakes               Transmutation                2
   c - Spider Form                    Transmutation/Poison         3
   d - Ice Form                       Ice/Transmutation            4
   e - Blade Hands                    Transmutation                5
Comestibles
 d - 5 bread rations
 l - 3 fruits
 A - a meat ration


   Skills:
 - Level 5.0 Fighting
 + Level 7.4 Dodging
 + Level 6.7 Unarmed Combat
 - Level 3.3 Spellcasting
 - Level 5.0 Transmutations


You had 3 spell levels left.
You knew the following spells:

 Your Spells              Type           Power        Failure   Level  Hunger
a - Beastly Appendage     Tmut           ###...       2%          1    #......
b - Sticks to Snakes      Tmut           ###.....     4%          2    ##.....
c - Spider Form           Tmut/Pois      #.........   24%         3    ###....
d - Ice Form              Ice/Tmut       #.......     82%         4    #####..


Dungeon Overview and Level Annotations

Branches:
Dungeon (6/15)
 Temple: D:4-7

Altars:
Elyvilon
Fedhas


Message History

* * * LOW HITPOINT WARNING * * *
Unknown command.
You barely miss the orc priest. You headbutt the orc priest.
You kill the orc priest!
You closely miss the shadow imp. The shadow imp gestures at you.
Pain shoots through your body!
* * * LOW HITPOINT WARNING * * *
You hit the shadow imp.
The shadow imp is lightly wounded.
Your horns disappear.
The shadow imp misses you.
You hit the shadow imp but do no damage.
The shadow imp is lightly wounded.
The shadow imp hits you.
* * * LOW HITPOINT WARNING * * *
You hit the shadow imp.
The shadow imp is moderately wounded.
The shadow imp hits you.
You die...

.#. ... #.# ###
#.. ..# #.# #.#
#.# #.#
#.#######.######.#
#..5@)........##.#
#.#########.#.##.#
.... #.#.##.#
###.## #....#.####
## #.# #..#.......
.. #.#
####...#.###. ##.#
#.. .............#
...# ###
.......##.###.
#..# ##.####
#.###.


You could see a shadow imp.

Vanquished Creatures
  Grinder (D:4)
  The ghost of bart the Conjurer, an amateur OpWz (D:5)
  2 ogres (D:4)
  A phantom (D:4)
  The ghost of mmcf the Insei, an amateur MfTm (D:3)
  A howler monkey (D:5)
  2 crimson imps (D:5)
  An orc priest (D:5)
  3 worker ants (D:5)
  Natasha (thrice) (D:2)
  3 gnolls
  8 adders
  2 oozes
  5 worms
  2 dart slugs
  3 leopard geckos
  10 orcs
  21 bats
  5 giant cockroaches
  6 goblins
  9 hobgoblins
  14 jackals
  7 kobolds
  2 quokkas (D:2)
  5 ball pythons
  7 frilled lizards
  7 rats
132 creatures vanquished.

Vanquished Creatures (others)
  A quokka (D:3)
1 creature vanquished.

Grand Total: 133 creatures vanquished

Notes
Turn   | Place    | Note
-------+----------+-------------------------------------------
     0 | D:1      | mmcf the Merfolk Transmuter began the quest for the Orb.
     0 | D:1      | Reached XP level 1. HP: 15/15 MP: 3/3
    47 | D:1      | Reached skill level 3 in Dodging
   473 | D:1      | Reached XP level 2. HP: 10/21 MP: 3/5
   480 | D:1      | Learned a level 2 spell: Sticks to Snakes
  1449 | D:1      | Reached skill level 4 in Dodging
  1453 | D:1      | Reached XP level 3. HP: 17/26 MP: 6/6
  1565 | D:1      | Learned a level 3 spell: Spider Form
  2592 | D:2      | Reached XP level 4. HP: 29/32 MP: 7/7
  3760 | D:2      | Noticed Natasha
  3772 | D:2      | Killed Natasha
  3867 | D:2      | Noticed Natasha
  3878 | D:2      | Killed Natasha
  3878 | D:2      | Reached skill level 5 in Unarmed Combat
  3878 | D:2      | Reached XP level 5. HP: 13/37 MP: 6/8
  3888 | D:2      | HP: 1/37 [poisoned by an adder]
  4453 | D:2      | Noticed Natasha
  4464 | D:2      | Killed Natasha
  5511 | D:2      | Reached XP level 6. HP: 36/44 MP: 7/9
  6292 | D:3      | Noticed mmcf's ghost (amateur MfTm)
  6306 | D:3      | Killed mmcf's ghost
  6720 | D:3      | Found a white marble altar of Elyvilon.
  7296 | D:4      | Reached XP level 7. HP: 54/54 MP: 10/10
  7312 | D:4      | Noticed Grinder
  7336 | D:4      | Killed Grinder
  7336 | D:4      | Reached skill level 5 in Dodging
  7336 | D:4      | Reached skill level 5 in Transmutations
  7751 | D:5      | Entered Level 5 of the Dungeon
  7804 | D:5      | Reached skill level 6 in Dodging
  7819 | D:5      | Reached skill level 5 in Fighting
  8010 | D:4      | Reached XP level 8. HP: 62/62 MP: 11/11
  8443 | D:4      | Found a blossoming altar of Fedhas.
  8873 | D:5      | Learned a level 4 spell: Ice Form
  9218 | D:5      | Noticed bart's ghost (amateur OpWz)
  9231 | D:5      | Killed bart's ghost
  9231 | D:5      | Reached skill level 7 in Dodging
  9533 | D:5      | Slain by a shadow imp

Skill      XL: |  1  2  3  4  5  6  7  8 |
---------------+-------------------------+-----
Dodging        | 3 4 6 7 |  7.4
Transmutations | 3 4 5 |  5.0
Unarmed Combat | 4 5 6 |  6.7
Fighting       | 2 4 5 |  5.0
Spellcasting   | 3 |  3.3

Action                   |  1- 3 |  4- 6 |  7- 9 || total
-------------------------+-------+-------+-------++-------
Melee: Unarmed           |   137 |   273 |   158 ||   568
       Headbutt          |     3 |    27 |    20 ||    50
       Punch             |       |     2 |     2 ||     4
 Fire: Hunting sling     |       |     3 |    16 ||    19
 Cast: Beastly Appendage |     4 |    16 |     9 ||    29
       Spider Form       |       |     1 |       ||     1
  Use: Potion            |       |     2 |       ||     2
       Scroll            |       |     8 |     1 ||     9
 Stab: Distracted        |     2 |     1 |       ||     3
       Sleeping          |     2 |     6 |     1 ||     9
  Eat: Chunk             |     5 |    16 |     1 ||    22
       Meat ration       |       |       |     1 ||     1
Armor: Robe              |    24 |    56 |    14 ||    94
Dodge: Dodged            |   104 |   232 |   116 ||   452
